 Dungeon Crawl Stone Soup version 0.22.0-25-g7663229ff0 (webtiles) character file.

217 IceCat the Shield-Bearer (level 5, 0/52 HPs)
             Began as a Troll Fighter on Aug 21, 2018.
             Killed from afar by an orc wizard (4 damage)
             ... with a magic dart
             ... on level 3 of the Dungeon.
             The game lasted 00:05:36 (1565 turns).

IceCat the Shield-Bearer (Troll Fighter)            Turns: 1565, Time: 00:05:36

Health: 0/52       AC:  5    Str: 24    XL:     5   Next: 62%
Magic:  4/4        EV:  9    Int:  4    God:
Gold:   75         SH:  9    Dex: 10    Spells: 4/4 levels left

rFire    + . .     SeeInvis .   a - +0 flail
rCold    . . .     Gourm    +   c - +0 shield
rNeg     . . .     Faith    .   b - +0 robe
rPois    .         Spirit   .   (helmet restricted)
rElec    .         Reflect  .   (no cloak)
rCorr    .         Harm     .   (gloves unavailable)
MR       .....                  (boots unavailable)
Stlth    +.........             j - amulet of rage
HPRegen  0.57/turn              p - ring of protection from fire
MPRegen  0.09/turn              (no ring)

@: berserk cooldown, slowed, very slow
A: large, unfitting armour, claws 3, fast metabolism 3, gourmand, regeneration
1, shaggy fur 1, tough skin 2
a: Evoke Berserk Rage


You were on level 3 of the Dungeon.
You were very full.

You visited 1 branch of the dungeon, and saw 3 of its levels.

You collected 75 gold pieces.

Inventory:

Hand Weapons
 a - a +0 flail (weapon)
Armour
 b - a +0 robe (worn)
 c - a +0 shield (worn)
Jewellery
 j - an amulet of rage (around neck)
 o - an uncursed amulet of regeneration
 p - a ring of protection from fire (left claw)
Scrolls
 g - 2 scrolls of enchant armour {unknown}
 h - a scroll of enchant weapon {unknown}
 i - 2 scrolls of teleportation {unknown}
 k - 3 scrolls of remove curse {unknown}
 l - a scroll of magic mapping {unknown}
Potions
 d - a potion of might
 e - a potion of heal wounds {unknown}
 m - a potion of berserk rage
Comestibles
 f - 5 rations
 n - 6 chunks of flesh


   Skills:
 + Level 2.9 Fighting
 + Level 3.1 Maces & Flails
 + Level 3.2 Dodging
 + Level 3.4 Shields
 * Level 1.1 Evocations


You had 4 spell levels left.
You didn't know any spells.
Your spell library was empty.

Dungeon Overview and Level Annotations

Branches:
Dungeon (3/15)

Altars:
Hepliaklqana
Uskayaw


Innate Abilities, Weirdness & Mutations

You are too large for most types of armour.
You have claws for hands.
Your metabolism is lightning-fast.
You like to eat raw meat.
Your natural rate of healing is unusually fast.
You are covered in fur. (AC +1)
You have very tough skin. (AC +2)


Message History

* * * LOW HITPOINT WARNING * * *
The orc wizard hits you but does no damage.
Unknown command.
You feel less confused. The orc wizard casts a spell at you.
The puff of flame hits you! You resist.
* * * LOW HITPOINT WARNING * * *
Unknown command.
It was a potion of berserk rage.
You're still recovering from your berserk rage.
You block the orc wizard's attack. The orc wizard hits you with a dagger.
* * * LOW HITPOINT WARNING * * *
Your shield prevents you from hitting the orc wizard.
The orc wizard is moderately wounded.
The orc wizard hits you but does no damage.
You hit the orc wizard but do no damage.
The orc wizard is moderately wounded.
The orc wizard points at you and mumbles some strange words.
The magic dart hits you!
You die...

.......##.##........####.#####
##.#.#........................
#.....#####..########.######
###.##.# ##..# ###.# .##<##.##
##.#####...# ..>.##..#
#...##..### ###.....####
#####..##
###.....<..###..##...##
..........# #.#$@#....#
####...##..##..⌠o#..#.#
#((#...##.##.=≈≈.'..#..#
#..#._.##[###..#^'.$##.#
#..#...##.##≈≈..≈#.## .#
####...##.####...#... ..
.......##.###≈##.###.. .#
..###......### ### ##..
.#######.##..# .


You could see an orc wizard.

Vanquished Creatures
  The ghost of fuel4fun the Bolt Thrower, an amateur HaHu (D:3)
  A crimson imp (D:3)
  3 adders
  2 oozes
  A worm (D:2)
  A dart slug (D:1)
  5 leopard geckos
  2 orcs (D:3)
  2 ball pythons
  A giant cockroach (D:2)
  3 hobgoblins
  10 jackals
  5 kobolds
  3 quokkas
  4 bats
  A frilled lizard (D:1)
  7 goblins
  8 rats
60 creatures vanquished.

Notes
Turn   | Place    | Note
-------+----------+-------------------------------------------
     0 | D:1      | IceCat the Troll Fighter began the quest for the Orb.
     0 | D:1      | Reached XP level 1. HP: 22/22 MP: 0/0
   107 | D:1      | Reached XP level 2. HP: 27/29 MP: 1/1
   719 | D:1      | Reached XP level 3. HP: 36/36 MP: 2/2
   761 | D:2      | Found a hazy altar of Hepliaklqana.
  1220 | D:2      | Reached XP level 4. HP: 43/44 MP: 3/3
  1261 | D:3      | Noticed a dagger
  1262 | D:3      | Noticed a hand axe
  1276 | D:3      | Found a hide-covered altar of Uskayaw.
  1503 | D:3      | Reached XP level 5. HP: 42/52 MP: 4/4
  1531 | D:3      | Found a large runed door.
  1533 | D:3      | Found a large runed door.
  1533 | D:3      | Noticed fuel4fun's ghost (amateur HaHu)
  1557 | D:3      | Killed fuel4fun's ghost
  1557 | D:3      | Reached skill level 1 in Evocations
  1563 | D:3      | HP: 2/52 [orc wizard/dagger (5)]
  1565 | D:3      | Killed from afar by an orc wizard

Skill      XL: |  1  2  3  4  5 |
---------------+----------------+-----
Maces & Flails | 2 3 |  3.1
Shields        | 3 |  3.4
Dodging        | 3 |  3.2
Evocations     | 1 |  1.1
Fighting       | |  2.9

Action                   |  1- 3 |  4- 6 || total
-------------------------+-------+-------++-------
Melee: Flail             |   149 |   101 ||   250
 Abil: Evoke Berserk Rag |       |     1 ||     1
  Use: Potion            |       |     1 ||     1
  Eat: Chunk             |    15 |     5 ||    20
Armor: Robe              |    92 |    33 ||   125
Dodge: Dodged            |    98 |    42 ||   140
Block: Shield            |   116 |    64 ||   180
